 Dungeon Crawl Stone Soup version 0.23-a0-313-gf30bb39dab (webtiles) character file.

488 Rrauwl the Poker (level 7, 0/54 HPs)
             Began as a Merfolk Fighter on Oct 13, 2018.
             Slain by Sigmund
             ... wielding a +0 scythe of freezing
              (4 damage)
             ... on level 4 of the Dungeon.
             The game lasted 00:09:04 (2271 turns).

Rrauwl the Poker (Merfolk Fighter)                  Turns: 2271, Time: 00:09:05

Health: 0/54       AC:  4    Str: 17 (18) XL:     7   Next: 13%
Magic:  7/7        EV: 11    Int:  5 (7)  God:
Gold:   243        SH:  0    Dex: 11 (14) Spells: 4/6 levels left

rFire    . . .     SeeInvis .   a - +2 trident (protect)
rCold    . . .     Gourm    .   c - +0 shield
rNeg     . . .     Faith    .   l - +0 leather armour {rPois}
rPois    +         Spirit   .   (no helmet)
rElec    .         Reflect  .   (no cloak)
rCorr    .         Harm     .   h - +0 pair of gloves
MR       .....                  (no boots)
Stlth    +.........             (no amulet)
HPRegen  0.18/turn              (no ring)
MPRegen  0.10/turn              (no ring)

@: confused
A: change form in water, swift swim, stealthy swim
a: no special abilities


You were on level 4 of the Dungeon.
You were not hungry.

You visited 1 branch of the dungeon, and saw 4 of its levels.

You collected 243 gold pieces.

Inventory:

Hand Weapons
 a - a +2 trident of protection (weapon)
Missiles
 s - 4 javelins (quivered)
Armour
 c - a +0 shield (worn)
 h - a +0 pair of gloves (worn)
 l - a +0 leather armour of poison resistance (worn)
Wands
 t - a wand of enslavement (14)
Scrolls
 f - 2 scrolls of remove curse
 j - a scroll of teleportation
 r - 2 scrolls of identify
Potions
 d - a potion of might
 p - a potion of magic
Comestibles
 b - 6 chunks of flesh
 e - 12 rations


   Skills:
 - Level 4.0 Fighting
 + Level 6.2 Polearms
 - Level 3.1 Armour
 - Level 4.0 Dodging
 + Level 4.7 Shields


You had 4 spell levels left.
You knew the following spells:

 Your Spells              Type           Power        Failure   Level  Hunger
a - Blink                 Tloc           N/A          98%         2    ###....

Your spell library contained the following spells:

 Spells                   Type           Power        Failure   Level  Hunger
 Magic Dart               Conj           #...         94%         1    ##.....
 Call Imp                 Summ           #.......     98%         2    ###....
 Slow                     Hex            #.......     98%         2    ###....
 Conjure Flame            Conj/Fire      #.......     100%        3    ####...
 Mephitic Cloud           Conj/Pois/Air  #.......     100%        3    ####...


Dungeon Overview and Level Annotations

Branches:
Dungeon (4/15)
 Temple: D:4-7

Altars:
Uskayaw
Zin

Annotations:
D:4 Sigmund


Message History

Something hits you but does no damage.
Unknown command.
Unknown command.
Your shield prevents you from hitting something.
You miss something. Something hits you. Something freezes you.
You barely miss something. Something hits you! Something freezes you.
You puncture something! You barely miss something. Something hits you!
Something freezes you.
The phantom blinks!
You are confused.
You feel invigorated. Something hits you!
* * * LOW HITPOINT WARNING * * *
Something freezes you.
* * * LOW HITPOINT WARNING * * *
Unknown command.
You bump into the rock wall.
You're too confused to move!
Something hits you!
* * * LOW HITPOINT WARNING * * *
Something freezes you.
You die...

#.# #..#
####.#######..### #
##...............# ..
#..............#.#...
#..####)####........a
#..# #.............@
#..# ######........#
#..# ##{####.. # #..#
#@####.... #[.#
#..†...... #..#
########.# #..# #..#
#..# #..### #....#
##.#.#


There were no monsters in sight!

Vanquished Creatures
  An ogre (D:4)
  A phantom (D:4)
  A water moccasin skeleton (D:4)
  5 orc wizards (D:4)
  A worker ant (D:4)
  An adder (D:3)
  2 oozes
  A worm (D:2)
  2 dart slugs (D:3)
  2 leopard geckos
  15 orcs
  6 giant cockroaches
  10 hobgoblins
  2 jackals (D:1)
  7 kobolds
  3 quokkas
  6 bats
  3 frilled lizards
  2 goblins
  3 rats
74 creatures vanquished.

Notes
Turn   | Place    | Note
-------+----------+-------------------------------------------
     0 | D:1      | Rrauwl the Merfolk Fighter began the quest for the Orb.
     0 | D:1      | Reached XP level 1. HP: 18/18 MP: 1/1
    61 | D:1      | Reached XP level 2. HP: 18/24 MP: 2/2
   187 | D:1      | Reached skill level 1 in Dodging
   319 | D:1      | Reached XP level 3. HP: 26/29 MP: 3/3
  1019 | D:2      | Found a glowing silver altar of Zin.
  1019 | D:2      | Found a hide-covered altar of Uskayaw.
  1192 | D:3      | Reached XP level 4. HP: 37/37 MP: 4/4
  1520 | D:3      | Reached skill level 4 in Polearms
  2015 | D:4      | Reached XP level 5. HP: 42/42 MP: 5/5
  2052 | D:4      | Learned a level 2 spell: Blink
  2071 | D:4      | Noticed an ogre
  2086 | D:4      | Killed an ogre
  2086 | D:4      | Reached skill level 5 in Polearms
  2086 | D:4      | Reached XP level 6. HP: 30/48 MP: 6/6
  2211 | D:4      | Noticed Sigmund
  2214 | D:4      | Noticed a phantom
  2230 | D:4      | Noticed a phantom
  2263 | D:4      | Killed a phantom
  2263 | D:4      | Reached skill level 6 in Polearms
  2263 | D:4      | Reached XP level 7. HP: 54/54 MP: 7/7
  2271 | D:4      | Slain by Sigmund

Vault maps used:
D:1:      matt_arrival_debris
D:2:      gammafunk_temple_overflow_pools, minmay_tetromino_i4
D:3:      lemuel_upstairs_altar
D:4:      minmay_a_box_with_orc_wizards_in_it, uniq_sigmund, uniq_natasha

Skill      XL: |  1  2  3  4  5  6 |
---------------+-------------------+-----
Dodging        | 1 2 3 4 |  4.0
Polearms       | 4 5 6 |  6.2
Fighting       | 4 |  4.0
Armour         | 3 |  3.1
Shields        | 4 |  4.7

Action                   |  1- 3 |  4- 6 |  7- 9 || total
-------------------------+-------+-------+-------++-------
Melee: Trident           |   134 |   152 |     5 ||   291
  Use: Scroll            |     3 |     4 |       ||     7
       Potion            |       |     7 |     1 ||     8
  Eat: Chunk             |     1 |     4 |       ||     5
Armor: Scale mail        |    29 |       |       ||    29
       Leather armour    |     5 |    24 |     1 ||    30
       Ring mail         |     4 |       |       ||     4
       Skin              |       |    24 |       ||    24
Dodge: Dodged            |    30 |    36 |       ||    66
Block: Shield            |    56 |    33 |       ||    89

Table legend:
 A = Non-vault XP
 B = Vault XP
 C = Vault XP percentage of total XP
 D = Non-vault monster count
 E = Vault monster count
 F = Vault count percentage of total count
                 A         B        C        D         E       F
            +---------+---------+-------+---------+---------+-------
      Total |     542 |     156 |  22.3 |      67 |       7 |   9.5
            +---------+---------+-------+---------+---------+-------
        D:1 |      43 |       0 |   0.0 |      26 |       0 |   0.0
        D:2 |      22 |       7 |  24.1 |       8 |       3 |  27.3
        D:3 |      77 |       0 |   0.0 |      23 |       0 |   0.0
        D:4 |     400 |     149 |  27.1 |      10 |       4 |  28.6
            +---------+---------+-------+---------+---------+-------
